AoeStats
← LaGwette

Nomad

506463243Analyzed
4v4 RM · 2mo ago on Sep 13, 2026· 45m 42s· 8 players
Game mode
Random Map
Map size
231×231
Population
200
Speed
Normal
Resources
Standard
Victory
Conquest
Starting age
Dark Age
Ending age
Imperial Age
RankedLock teamsTeams togetherTeam positionsShared explorationLock speedFull tech treeHidden civsTurbo modeCheats
Victory
Defeat
🇨🇳 Tatars · China
1067
+17
🇨🇿 Vietnamese · Czechia
1054
+17
🇨🇳 Magyars · China
1023
+18
🇵🇪 Celts · Peru
1005
+19
vs
🇫🇷 Gurjaras · France
1179
-22
1082
-18
🇦🇷 Vietnamese · Argentina
1066
-17
🇫🇷 Franks · France
979
-14
1Timoteo2:11
8:36 Loom
14:23 Feudal Age
18:48 Castle Age
16:45 Double-Bit Axe
17:00 Fishing Lines
19:50 Stone Mining
19:53 Gillnets
25:12 Wheelbarrow
25:29 Gold Mining
29:50 Bow Saw
33:39 Imperial Age
32:44 Forging
32:34 Scale Mail Armor
33:10 Clinker Construction
32:56 Murder Holes
33:25 Ballistics
34:45 Conscription
33:46 Pikeman
35:28 Iron Casting
34:45 Capped Ram
35:43 Chain Mail Armor
35:49 Arson
35:50 Gambesons
36:24 Siege Ram
37:41 Halberdier
39:16 Stronghold
39:18 Fletching
39:56 Horse Collar
40:53 Gold Shaft Mining
41:23 Blast Furnace
42:14 Bodkin Arrow
43:42 Plate Mail Armor
43:03 Heavy Scorpion
44:17 Hand Cart
ldanihel
5:09 Loom
13:56 Feudal Age
18:46 Castle Age
18:13 Double-Bit Axe
18:24 Gold Mining
19:43 Crossbowman
21:04 Fletching
26:12 Pikeman
30:17 Horse Collar
34:45 Wheelbarrow
34:14 Heavy Plow
37:47 Imperial Age
39:39 Scale Mail Armor
39:04 Elite Fire Lancer
41:49 Hand Cart
41:38 Elite Skirmisher
42:33 Imperial Skirmisher
45:26 Chain Mail Armor
45:21 Forging
一顿猛干
4:04 Loom
15:21 Feudal Age
16:09 Double-Bit Axe
16:49 Fishing Lines
20:50 Wheelbarrow
22:45 Castle Age
20:58 Horse Collar
21:39 Bloodlines
22:15 Fletching
22:26 Padded Archer Armor
24:16 Wheelbarrow
26:10 Gillnets
27:41 Hand Cart
28:06 Bow Saw
28:14 Husbandry
29:55 Thumb Ring
29:11 Elite Skirmisher
30:36 Bodkin Arrow
30:56 Leather Archer Armor
31:02 Scale Barding Armor
31:41 Gold Mining
34:09 Gold Shaft Mining
33:26 Stone Mining
35:19 Ballistics
34:55 Murder Holes
37:45 Imperial Age
35:03 Town Watch
35:54 Medium Warships
35:06 Demolition Ship
37:39 Heavy Plow
39:39 Two-Man Saw
38:25 Light Cavalry
38:26 Cavalier
39:20 Bracer
39:41 Chain Barding Armor
39:21 Scale Mail Armor
39:13 Hussar
39:21 Capped Ram
41:04 Chemistry
39:45 Treadmill Crane
40:15 Masonry
40:11 Siege Engineers
40:14 Town Patrol
41:15 Crop Rotation
41:17 Corvinian Army
41:19 Recurve Bow
41:40 Conscription
41:56 Hoardings
43:07 Plate Barding Armor
42:48 Leather Archer Armor
42:49 Chain Mail Armor
43:18 Heavy Warships
43:17 Paladin
44:17 Elite Magyar Huszar
w
14:43 Feudal Age
15:46 Loom
17:15 Double-Bit Axe
17:24 Double-Bit Axe
18:58 Horse Collar
21:48 Castle Age
21:07 Gold Mining
23:35 Fletching
23:49 Padded Archer Armor
25:16 Bloodlines
25:07 Husbandry
27:33 Squires
28:52 Pikeman
36:28 Bow Saw
39:36 Imperial Age
37:46 Bodkin Arrow
38:07 Leather Archer Armor
40:47 Heavy Cavalry Archer
41:30 Bracer
42:04 Conscription
41:45 Silk Armor
45:01 Wheelbarrow
45:26 Ring Archer Armor
45:19 Heavy Plow
46:25 Chemistry
LaGwette
16:18 Feudal Age
17:58 Double-Bit Axe
18:55 Wheelbarrow
22:06 Gold Mining
26:48 Castle Age
26:34 Scale Barding Armor
31:49 Chain Barding Armor
31:50 Forging
34:27 Husbandry
Seba
3:39 Loom
14:41 Feudal Age
16:03 Wheelbarrow
15:15 Double-Bit Axe
15:21 Fishing Lines
16:22 Gold Mining
20:15 Castle Age
19:06 Bloodlines
19:40 Scale Barding Armor
22:03 Husbandry
22:23 Bow Saw
25:04 Town Watch
25:49 Stone Mining
30:42 Forging
33:08 Fletching
34:20 Horse Collar
36:10 Gillnets
37:05 Chain Barding Armor
37:50 Ballistics
38:08 Iron Casting
40:07 Treadmill Crane
40:37 Devotion
DaYo
8:35 Loom
13:37 Feudal Age
14:02 Double-Bit Axe
16:08 Horse Collar
22:17 Castle Age
21:01 Gold Mining
21:59 Wheelbarrow
23:12 Scale Barding Armor
23:25 Husbandry
24:44 Bloodlines
25:56 Chain Barding Armor
27:38 Bow Saw
29:01 Hand Cart
29:29 Town Watch
30:36 Stone Mining
31:59 Forging
31:40 Fletching
32:13 Heavy Plow
33:23 Gold Shaft Mining
34:31 Scale Mail Armor
36:03 Iron Casting
39:25 Imperial Age
37:51 Chain Mail Armor
37:48 Bodkin Arrow
39:18 Kshatriyas
40:49 Plate Mail Armor
40:09 Elite Chakram Thrower
41:14 Conscription
42:07 Bracer
ULIMA | I AM Chris Fernando
3:19 Loom
17:20 Feudal Age
18:33 Double-Bit Axe
22:08 Castle Age
20:38 Gold Mining
20:30 Horse Collar
22:00 Wheelbarrow
22:59 Heavy Plow
23:11 Bow Saw
24:52 Marauders
26:08 Scale Barding Armor
28:48 Fervor
28:57 Hand Cart
29:51 Gold Shaft Mining
29:57 Bloodlines
30:40 Husbandry
34:10 Chain Barding Armor
34:49 Forging
38:21 Imperial Age
36:55 Iron Casting
39:27 Conscription
38:37 Elite Tarkan
40:22 Blast Furnace
41:01 Plate Barding Armor
Connection lost

Rejoining the realm…

Still unreachable

The connection could not be restored.

Session expired

The server has moved on; the page needs a fresh start.